 Dungeon Crawl Stone Soup version 0.31-a0-1458-g2f8d4710b4 (webtiles) character file.

Game seed: 12175010442986904723

36 Pixllover the Firebug (level 3, -1/32 HPs)
             Began as an Oni Fire Elementalist on Dec 28, 2023.
             Succumbed to an adder's poison
             ... on level 2 of the Dungeon.
             The game lasted 00:01:50 (1175 turns).

Pixllover the Firebug (Oni Fire Elementalist)       Turns: 1175, Time: 00:01:51

Health: -1/32      AC:  3    Str: 12    XL:     3   Next: 37%
Magic:  5/6        EV: 10    Int: 18    God:
Gold:   53         SH:  0    Dex:  9    Spells: 6/7 levels left

rFire   . . .        g - +0 war axe
rCold   . . .        (no shield)
rNeg    . . .        a - +0 robe
rPois   .            (helmet restricted)
rElec   .            (no cloak)
rCorr   .            (gloves unavailable)
SInv    .            (boots unavailable)
Will    .....        (no amulet)
Stlth   +            (no ring)
HPRegen 0.25/turn    (no ring)
MPRegen 0.10/turn

%: no passive effects
@: lethally poisoned (-1 -> -5)
A: large, unfitting armour, horns 1, tough skin 1, double potion healing,
drunken brawling
a: no special abilities


You were on level 2 of the Dungeon.
You visited 1 branch of the dungeon, and saw 2 of its levels.

You collected 53 gold pieces.

Inventory:

Hand Weapons
 g - a +0 war axe (weapon)
Missiles
 c - 3 javelins
Armour
 a - a +0 robe (worn)
Jewellery
 e - a +6 ring of intelligence
Scrolls
 d - a scroll of vulnerability {unknown}
 f - 2 scrolls of revelation {unknown}
 h - a scroll of poison {unknown}


   Skills:
 + Level 0.3 Fighting
 + Level 1.1 Axes
 + Level 2.1 Dodging
 + Level 1.5 Stealth
 + Level 2.5 Spellcasting
 + Level 1.0 Conjurations
 + Level 3.2 Fire Magic


You had 6 spell levels left.
You knew the following spells:

 Your Spells              Type           Power      Damage    Failure   Level
a - Foxfire               Conj/Fire      40%        2x1d6     7%          1

Your spell library contained the following spells:

 Spells                   Type           Power      Damage    Failure   Level
 Scorch                   Fire           28%        2d6       7%          2
 Kiss of Death            Conj/Necr      16%        2d6       14%         1
 Inner Flame              Hex/Fire       8%         N/A       26%         3
 Volatile Blastmotes      Fire/Tloc      16%        2d11      26%         3
 Confusing Touch          Hex            2%         N/A       45%         3
 Flame Wave               Conj/Fire      10%        2d6       56%         4
 Dispel Undead            Necr           2%         3d7       86%         4


Dungeon Overview and Level Annotations

Branches:
Dungeon (2/15)

Altars:


Innate Abilities, Weirdness & Mutations

You are too large for most types of armour.
You have a pair of small horns on your head.
You have tough skin. (AC +1)
You gain doubled healing and magic from potions.
Whenever you drink a healing potion, you attack all around you.


Message History

The adder bites you but does no damage. The adder misses you.
You closely miss the adder.
You feel sick. The adder bites you. The adder barely misses you.
You closely miss the adder.
You feel sick.
The adder bites you but does no damage. x2
You barely miss the adder.
You feel sick.
You are no longer poisoned.
The adder barely misses you. The adder completely misses you.
You barely miss the adder. The adder barely misses you.
You closely miss the adder. The adder bites you. x2
You barely miss the adder. The adder bites you.
* * * LOW HITPOINT WARNING * * *
You are poisoned.
The adder poisons you! The adder bites you but does no damage.
You barely miss the adder.
* * * LOW HITPOINT WARNING * * *
You feel very sick. The adder bites you but does no damage.
The adder bites you.
* * * LOW HITPOINT WARNING * * *
You are lethally poisoned!
The adder poisons you!
You take a swig of the potion and twirl your +0 war axe.
You barely miss the adder. Magic courses through your body.
* * * LOW HITPOINT WARNING * * *
You feel sick. The adder closely misses you.
Casting: Foxfire (safe; 7% risk of failure)
Confirm with . or Enter, or press ? or * to list all spells.
You conjure some foxfire!
* * * LOW HITPOINT WARNING * * *
You feel sick. The adder barely misses you.
Unknown command.
* * * LOW HITPOINT WARNING * * *
You feel sick.
The foxfire hits the adder.
The adder is moderately wounded.
The foxfire hits the adder.
The adder is severely wounded.
The adder barely misses you.
You hit the adder.
You kill the adder!
You die...

#. ##############. ##..
###.######.......# #. ....
##................## #.
....(##..................#####.
.....#.........................
........#................#####.
.#...........#'##........# #.
.........#####§##........# #.
......†...)..†@##........# #.
.........###......#...#### #.
......##.###......##### ##
...... #......(.......#
.........###..........#
.........# #...........
.........# #...........
.........+ ...####.....
..#.....#...## .....


There were no monsters in sight!

Vanquished Creatures
  2 adders (D:2)
  A ball python (D:1)
  2 endoplasms (D:1)
  2 giant cockroaches (D:1)
  4 goblins
  5 hobgoblins
  3 bats (D:1)
  2 frilled lizards
  3 kobolds
  2 rats (D:1)
26 creatures vanquished.

Vanquished Creatures (others)
  6 foxfires
6 creatures vanquished.

Grand Total: 32 creatures vanquished

Notes
Turn   | Place    | Note
-------+----------+-------------------------------------------
     0 | D:1      | Pixllover the Oni Fire Elementalist began the quest for the
                  | Orb.
     0 | D:1      | Reached XP level 1. HP: 16/16 MP: 3/3
   163 | D:1      | Reached skill level 3 in Fire Magic
   214 | D:1      | Reached XP level 2. HP: 24/24 MP: 5/5
   428 | D:1      | Reached skill level 1 in Conjurations
  1054 | D:2      | Reached XP level 3. HP: 31/32 MP: 6/6
  1107 | D:2      | Reached skill level 1 in Axes
  1174 | D:2      | HP: 1/32 [poisoned by an adder]
  1175 | D:2      | Succumbed to an adder's poison

Illustrated notes

Levels and vault maps discovered:
D:1:      elethiomel_arrival_maze, layout_loops_ring
D:2:      layout_basic, hellmonk_ecumenical_altar_pennies_from_heaven

Skill      XL: |  1  2  3 |
---------------+----------+-----
Fire Magic     | 3 |  3.2
Dodging        | 2 |  2.1
Conjurations   | 1 |  1.0
Axes           | 1 |  1.1
Fighting       | |  0.3
Stealth        | |  1.5
Spellcasting   | |  2.5

Action                     || total
---------------------------++-------
  Melee: Hand axe          ||    22
         Headbutt          ||    15
         Unarmed           ||     2
         War axe           ||    58
   Cast: Foxfire           ||     5
    Use: Potion            ||     1
   Stab: Sleeping          ||     1
 Armour: Robe              ||    79
  Dodge: Dodged            ||    67

Table legend: (Time is in decaauts)
 A = Elapsed time spent in this place.
 B = Non-inter-level travel time spent in this place.
 C = Inter-level travel time spent in this place.
 D = Time resting spent in this place.
 E = Time spent auto-exploring this place.
 F = Levels seen in this place.
 G = Mean time per level.
                   A        B        C        D        E       F      G
               +--------+--------+--------+--------+--------+-----+--------+
         Total |   1207 |   1180 |     27 |     49 |    819 |   2 |  603.5 |
       Dungeon |   1207 |   1180 |     27 |     49 |    819 |   2 |  603.5 |
               +--------+--------+--------+--------+--------+-----+--------+

Top non-repeatable levels by time:
     D:1: 935 daAuts
     D:2: 272 daAuts
